 Dungeon Crawl Stone Soup version 0.27.1-35-g4d5d836560 (console) character file.

Game seed: 2327316830070933487

38 grimtooth the Stinger (level 3, -11/24 HPs)
             Began as a Formicid Venom Mage on Nov 30, 2022.
             Blown up by Ijyb (21 damage)
             ... with a mindburst bolt
             ... on level 3 of the Dungeon.
             The game lasted 00:09:07 (1649 turns).

grimtooth the Stinger (Formicid Venom Mage)         Turns: 1649, Time: 00:09:07

Health: -11/24     AC:  3    Str: 13    XL:     3   Next: 65%
Magic:  0/6        EV: 11    Int: 14    God:
Gold:   100        SH:  0    Dex: 11    Spells: 3/6 levels left

rFire    . . .     SeeInvis +   d - +0 dagger (holy)
rCold    . . .     Faith    .   (no shield)
rNeg     . . .     Spirit   .   m - +0 leather armour
rPois    .         Reflect  .   (helmet unavailable)
rElec    .         Harm     .   (no cloak)
rCorr    +         Rampage  .   (no gloves)
Will     .....                  (no boots)
Stlth    ++........             (no amulet)
HPRegen  0.08/turn              h - ring of resist corrosion
MPRegen  0.10/turn              (no ring)

@: no status effects
A: permanent stasis, dig shafts and tunnels, antennae 3, four strong arms
a: Dig, Shaft Self


You were on level 3 of the Dungeon.
You visited 1 branch of the dungeon, and saw 3 of its levels.

You collected 100 gold pieces.

Inventory:

Hand Weapons
 d - a +0 dagger of holy wrath (weapon)
Missiles
 b - 10 stones
 g - 15 poisoned darts (quivered)
Armour
 a - a +0 robe
 m - a +0 leather armour (worn)
Jewellery
 h - a ring of resist corrosion (left hand)
Scrolls
 e - a scroll of acquirement {unknown}
 l - a scroll of identify {unknown}
Potions
 c - a potion of degeneration {unknown}
 f - a potion of ambrosia {unknown}
 i - a potion of berserk rage {unknown}
 j - a potion of heal wounds {unknown}
 k - a potion of attraction {unknown}


   Skills:
 - Level 1.7 Dodging
 + Level 3.3 Stealth
 - Level 2.1 Spellcasting
 - Level 1.1 Transmutations
 * Level 5.3 Poison Magic


You had 3 spell levels left.
You knew the following spells:

 Your Spells              Type           Power      Damage    Failure   Level
a - Sting                 Tmut/Pois      40%        1d5       8%          1
b - Poisonous Vapours     Pois/Air       18%        N/A       16%         2

Your spell library contained the following spells:

 Spells                   Type           Power      Damage    Failure   Level
 Mephitic Cloud           Conj/Pois/Air  6%         N/A       41%         3
 Olgreb's Toxic Radiance  Pois           16%        N/A       32%         4


Dungeon Overview and Level Annotations

Branches:
Dungeon (3/15)

Altars:

Shops:
D:2 !

Annotations:
D:3 Ijyb


Innate Abilities, Weirdness & Mutations

You cannot be hasted, slowed, berserked, paralysed or teleported.
You can dig through walls and to a lower floor.
You have a pair of large antennae on your head. (SInv)
Your four strong arms can wield two-handed weapons with a shield.


Message History

Ijyb closely misses you.
You hit Ijyb but do no damage.
Ijyb is lightly wounded.
Ijyb zaps a wand.
You barely resist. You barely miss Ijyb.
Ijyb is lightly wounded.
Ijyb hits you with a +0 dagger.
You hit Ijyb but do no damage.
Ijyb is lightly wounded.
Ijyb hits you with a +0 dagger.
You barely miss Ijyb.
Ijyb is lightly wounded.
Ijyb hits you with a +0 dagger.
Casting: Sting (safe; 8% risk of failure)
Confirm with . or Enter, or press ? or * to list all spells.
Aiming: Sting (safe; 8% risk of failure)
Press: ? - help, Shift-Dir - straight line, f/p - rat
Aim: a rat (71% to hit)
The sting hits Ijyb but does no damage.
Ijyb looks even sicker.
Ijyb is moderately wounded.
Ijyb closely misses you.
Press: ? - help, v - describe, . - travel
Here: Ijyb, wielding a +0 dagger, wearing a +0 leather armour and carrying a wand of mindburst (14) (moderately wounded, very poisoned)
The floor.
Press: ? - help, v - describe, . - travel
Here: Ijyb, wielding a +0 dagger, wearing a +0 leather armour and carrying a wand of mindburst (14) (moderately wounded, very poisoned)
The floor.
Throw: 16 darts (poison)
Press: ? - help, Q - select action, (/) - cycle Shift-Dir - straight line, f/p - rat
Aim: a rat (54% to hit)
You throw a poisoned dart. The poisoned dart closely misses Ijyb.
The poisoned dart hits the rat.
The rat is poisoned.
Ijyb hits you with a +0 dagger.
You hit Ijyb but do no damage.
Ijyb is moderately wounded.
You kill the rat!
Ijyb zaps a wand.
Your mind is blasted!
Ouch! That really hurt!
You die...

### ..= ##
#.. ..# ##
#.# ..###
..
.........
#.##.#...#
#....g(.#
#@# #.#
#.# #.#
#<# #.#
#.# #..
###


You could see Ijyb (very poisoned).

Vanquished Creatures
  A dart slug (D:1)
  6 ball pythons
  2 endoplasms (D:1)
  3 goblins (D:1)
  3 hobgoblins
  3 jackals (D:1)
  2 quokkas
  4 bats
  6 frilled lizards
  3 kobolds
  5 rats
38 creatures vanquished.

Vanquished Creatures (others)
  A fungus (D:1)
1 creature vanquished.

Grand Total: 39 creatures vanquished

Notes
Turn   | Place    | Note
-------+----------+-------------------------------------------
     0 | D:1      | grimtooth the Formicid Venom Mage began the quest for the
                  | Orb.
     0 | D:1      | Reached XP level 1. HP: 13/13 MP: 3/3
   164 | D:1      | Reached XP level 2. HP: 18/19 MP: 1/5
   460 | D:1      | Found a faded altar of an unknown god.
   521 | D:1      | Reached XP level 3. HP: 22/24 MP: 1/6
   556 | D:1      | Reached skill level 5 in Poison Magic
   948 | D:2      | Learned a level 2 spell: Poisonous Vapours
  1067 | D:2      | Found Deffy's Distillery.
  1631 | D:3      | Noticed Ijyb
  1649 | D:3      | Blown up by Ijyb

Illustrated notes

Levels and vault maps discovered:
D:1:      lemuel_arrival_muddy, layout_basic, dreamdust_ecumenical_altar_grove
D:2:      layout_basic, serial_shops, shop
D:3:      layout_loops_corners, serial_shops, nicolae_shop_behind_doors,
          nicolae_lakefront_shop, nicolae_lakefront_shop, nicolae_shop_stone,
          uniq_robin, uniq_ijyb

Skill      XL: |  1  2  3 |
---------------+----------+-----
Stealth        | 3 |  3.3
Poison Magic   | 5 |  5.3
Dodging        | |  1.7
Spellcasting   | |  2.1
Transmutations | |  1.1

Action                   || total
-------------------------++-------
Melee: Dagger            ||    11
Throw: Dart              ||    18
 Cast: Sting             ||    60
       Poisonous Vapours ||     3
 Stab: Sleeping          ||     1
Armor: Robe              ||     5
       Leather armour    ||     2
Dodge: Dodged            ||    18
